 Dungeon Crawl Stone Soup version 0.19-a0-1511-g16f215b (webtiles) character file.

4492 jacquesderrida the Carver (level 10, -1/51 HPs)
             Began as a Vine Stalker Wanderer on Sept 11, 2016.
             Was a Believer of Ashenzari.
             Slain by a minotaur
             ... wielding a +1 glaive of flaming
              (10 damage)
             ... in a labyrinth.
             The game lasted 00:20:04 (3525 turns).

jacquesderrida the Carver (Vine Stalker Wanderer)   Turns: 3525, Time: 00:20:05

Health: -1/51      AC: 11    Str: 19    XL:     10   Next: 38%
Magic:  0/11       EV: 19    Int: 14    God:    Ashenzari [**....]
Gold:   324        SH:  0    Dex: 21    Spells: 0 memorised, 9 levels left

rFire  . . .     SeeInvis .     m - +1 great sword (curse)
rCold  . . .     Gourm    .     c - +1 ring mail
rNeg   . . .     Faith    .     (shield currently unavailable)
rPois  .         Spirit   +     r - +0 helmet
rElec  .         Dismiss  .     (no cloak)
rCorr  .         Reflect  .     (no gloves)
MR     +....     Harm     .     (no boots)
Stlth  ++........               (no amulet)
                                F - ring of wizardry
                                B - +3 ring of protection

@: mighty, agile, very slightly contaminated, hasted, very quick
A: fangs 3, regeneration 1, magic shield, antimagic bite, no device heal 3, rot
immunity
a: Curse Item, Scrying, Renounce Religion


You were in a labyrinth.
You worshipped Ashenzari.
Ashenzari was pleased with you.
You were not hungry.

You visited 3 branches of the dungeon, and saw 14 of its levels.
You also visited: Labyrinth.

You collected 461 gold pieces.
You spent 137 gold pieces at shops.

Inventory:

Hand Weapons
 k - a +3 spear
 m - a cursed +1 great sword (weapon)
Missiles
 o - 5 javelins (quivered)
 w - 5 curare-tipped needles
Armour
 c - a +1 ring mail (worn)
 r - a +0 helmet (worn)
 s - a +0 scale mail
 A - a +0 chain mail
Jewellery
 B - a +3 ring of protection (left hand)
 F - a ring of wizardry (right hand)
 K - an uncursed ring of see invisible
Wands
 u - a wand of flame (24/48)
 E - a wand of iceblast (0/15)
Scrolls
 b - a scroll of teleportation
 j - a scroll of enchant armour
 y - 2 scrolls of amnesia
 z - a scroll of immolation
 C - a scroll of identify
 D - a scroll of enchant weapon
 G - a scroll of magic mapping
 H - a scroll of fear
 M - 2 scrolls of remove curse
Potions
 e - 2 potions of cure mutation
 g - 4 potions of brilliance
 h - 2 potions of resistance {unknown}
 n - a potion of curing
 q - a potion of might
 x - a potion of invisibility
 J - a potion of heal wounds {unknown}
 L - a potion of berserk rage {unknown}
Books
 t - a book of Debilitation

   Spells                             Type                      Level
   a - Corona                         Hexes                        1
   b - Slow                           Hexes                        2
   c - Gell's Gravitas                Hexes/Translocation          3
   d - Inner Flame                    Hexes/Fire                   3
   e - Cause Fear                     Hexes                        4
   f - Leda's Liquefaction            Hexes/Earth                  4
Comestibles
 a - 3 slices of pizza
 d - 4 bread rations
 f - 8 meat rations
 l - 2 beef jerkies


   Skills:
 - Level 4.5 Fighting
   Level 1.0(7.0) Short Blades
 * Level 10.9(13.7) Long Blades
 + Level 4.9 Armour
 + Level 4.8 Dodging
 - Level 1.2 Stealth
   Level 1.0 Shields
 - Level 2.3 Unarmed Combat


You had 9 spell levels left.
You didn't know any spells.

Dungeon Overview and Level Annotations

Branches:
Dungeon (10/15)            Temple (1/1) D:6            Lair (3/6) D:10
  Swamp: Lair:2-4    Shoals: Lair:2-4     Snake: Lair:2-4    Spider: Lair:2-4
    Orc: D:9-12

Altars:
Ashenzari
Dithmenos
Kikubaaqudgha
Okawaru
Qazlal
Trog
Xom
Yredelemnul
The Shining One

Shops:
D:8 !   D:10 ?%

Annotations:
D:7 Dowan; Duvessa; Menkaure; st0uf's ghost, novice GrEE


Innate Abilities, Weirdness & Mutations

You have razor-sharp teeth.
Your natural rate of healing is unusually fast.
When hurt, damage is shared between your health and your magic reserves.
Your bite disrupts and absorbs the magic of your enemies.
Potions and wands cannot restore your health.
You are immune to rotting.


Message History

Found a +6 vampiric rapier.
Found an escape hatch in the ceiling.
There is an open door here.
The minotaur closely misses you. The minotaur gores you!
You slash the minotaur!
You bite the minotaur, but do no damage.
The minotaur is lightly wounded.
You slash the minotaur!
The minotaur is moderately wounded.
The minotaur hits you with a glaive of flaming!!
The minotaur burns you. The minotaur closely misses you.
You slash the minotaur! Your bite misses the minotaur.
The minotaur is heavily wounded.
You slash the minotaur! Your bite misses the minotaur.
The minotaur is heavily wounded.
The minotaur hits you with a glaive of flaming!
* * * LOW HITPOINT WARNING * * *
The minotaur burns you.
* * * LOW HITPOINT WARNING * * *
The minotaur gores you!
You die...

... .....#, * * ,*
* ## . ., # #. ,
** , # , ,
#.#....... #,
#.#.#.*.####### #
* * , #....
..#≈≈≈≈≈#,, ####
#.#≈≈<≈≈ , * ,
#,..#≈...≈ ,, ,* *
#.#.###H### * * *
, #.. #..@..#, * ,
,#.###.###'###..##
, #
..............# *
.#.#.###.#.###.#
,, #.#.#,....# , ,
* # #.#.##### ** *
#... , , * * ,
###, ** * , * ,* ,


You could see a minotaur.

Vanquished Creatures
  Pikel (D:8)
  A griffon (Lair:2)
  2 spiny frogs
  A komodo dragon (Lair:1)
  A basilisk (Lair:2)
  A hippogriff (D:10)
  A porcupine (Lair:3)
  4 water moccasins
  3 sky beasts
  3 ogres
  A phantom (D:4)
  An ice beast (D:6)
  A slave (D:8)
  A centaur (D:5)
  2 crocodiles
  A big kobold (D:9)
  3 giant frogs
  A scorpion (D:9)
  3 howler monkeys
  A crimson imp (D:6)
  A wasp zombie (D:9)
  2 hounds
  2 orc wizards
  2 iguanas (Lair:2)
  4 worker ants
  2 hound zombies
  3 gnolls (D:4)
  5 adders
  15 river rats (Lair:3)
  An ooze (D:3)
  A worm (D:3)
  3 giant geckos
  13 orcs
  4 bats
  5 giant cockroaches
  2 goblins
  4 hobgoblins (D:1)
  2 quokkas
  4 giant newts
  10 kobolds
  A quokka skeleton (D:6)
  2 rats
121 creatures vanquished.

Notes
Turn   | Place    | Note
-------+----------+-------------------------------------------
     0 | D:1      | jacquesderrida the Vine Stalker Wanderer began the quest for the Orb.
     0 | D:1      | jacquesderrida set off with: a +2 short sword, a scroll of teleportation, a +0 ring mail, a bread ration
     0 | D:1      | Reached XP level 1. HP: 14/14 MP: 2/2
    17 | D:1      | Reached skill level 1 in Unarmed Combat
   117 | D:1      | Reached XP level 2. HP: 16/18 MP: 3/3
   329 | D:3      | Reached XP level 3. HP: 19/21 MP: 2/4
   461 | D:3      | Reached skill level 1 in Long Blades
   610 | D:4      | Noticed a water moccasin
   619 | D:4      | Reached skill level 2 in Long Blades
   619 | D:4      | Gained mutation: Your natural rate of healing is unusually fast. [Vine Stalker growth]
   619 | D:4      | Reached XP level 4. HP: 26/26 MP: 5/5
   670 | D:4      | Noticed a phantom
   693 | D:4      | Killed a phantom
   693 | D:4      | Reached skill level 3 in Long Blades
   693 | D:4      | Reached XP level 5. HP: 27/30 MP: 4/6
   956 | D:4      | Found a bloodstained altar of Trog.
   963 | D:4      | Reached skill level 4 in Long Blades
  1105 | D:5      | Entered Level 5 of the Dungeon
  1115 | D:5      | Reached XP level 6. HP: 24/34 MP: 5/7
  1218 | D:4      | Killed a water moccasin
  1218 | D:4      | Reached skill level 5 in Long Blades
  1335 | D:5      | Reached XP level 7. HP: 32/38 MP: 6/8
  1348 | D:5      | Reached skill level 6 in Long Blades
  1528 | D:6      | Found an ancient bone altar of Kikubaaqudgha.
  1528 | D:6      | Found a basalt altar of Yredelemnul.
  1543 | D:6      | Reached skill level 7 in Long Blades
  1547 | D:6      | Found a staircase to the Ecumenical Temple.
  1571 | Temple   | Entered the Ecumenical Temple
  1590 | Temple   | Became a worshipper of Ashenzari the Shackled
  1700 | D:5      | Gained mutation: You have razor-sharp teeth. [Vine Stalker growth]
  1700 | D:5      | Reached XP level 8. HP: 29/42 MP: 6/9
  1824 | D:6      | Found a stormy altar of Qazlal.
  1827 | D:6      | Found an iron altar of Okawaru.
  1835 | D:6      | Found a shimmering altar of Xom.
  1840 | D:6      | Found a glowing golden altar of the Shining One.
  1894 | D:7      | Noticed Duvessa
  1894 | D:7      | Noticed Dowan
  1896 | D:7      | Noticed Menkaure
  1939 | D:7      | Noticed st0uf's ghost (novice GrEE)
  2037 | D:8      | Noticed Pikel
  2075 | D:8      | Killed Pikel
  2075 | D:8      | Reached skill level 8 in Long Blades
  2127 | D:8      | Found Xasuxes's Distillery.
  2154 | D:8      | Bought a potion of lignification for 39 gold pieces
  2174 | D:8      | Found a basalt altar of Yredelemnul.
  2309 | D:9      | Reached skill level 9 in Long Blades
  2309 | D:9      | Reached XP level 9. HP: 31/46 MP: 10/10
  2333 | D:9      | Reached * piety under Ashenzari
  2456 | D:9      | Noticed a hill giant
  2480 | D:10     | Entered Level 10 of the Dungeon
  2496 | D:10     | Found Dinap's Food Shop.
  2502 | D:10     | Found Kaikutof's Magic Scroll Shoppe.
  2513 | D:10     | Bought a scroll of magic mapping for 38 gold pieces
  2513 | D:10     | Bought a scroll of fear for 38 gold pieces
  2513 | D:10     | Bought a scroll of identify for 22 gold pieces
  2548 | D:10     | Noticed a hill giant
  2558 | D:10     | Noticed a two-headed ogre
  2563 | D:10     | Found a staircase to the Lair.
  2568 | Lair:1   | Entered Level 1 of the Lair of Beasts
  2665 | Lair:1   | Noticed a spiny frog
  2670 | Lair:1   | Killed a spiny frog
  2695 | Lair:1   | Reached skill level 10 in Long Blades
  2780 | Lair:1   | Noticed a komodo dragon
  2790 | Lair:1   | Killed a komodo dragon
  2859 | Lair:2   | Reached XP level 10. HP: 49/51 MP: 11/11
  2908 | Lair:2   | Noticed a griffon
  2917 | Lair:2   | Killed a griffon
  2930 | Lair:2   | Noticed a seven-headed hydra
  3165 | Lair:3   | Noticed a spiny frog
  3197 | Lair:3   | Killed a spiny frog
  3254 | Lair:3   | Noticed a black mamba
  3276 | Lair:3   | Found a labyrinth entrance.
  3303 | Lab      | Entered a labyrinth
  3393 | Lab      | Reached ** piety under Ashenzari
  3519 | Lab      | Noticed a minotaur
  3525 | Lab      | Slain by a minotaur

Vault maps used:
D:1:      minmay_arrival_split_and_join
D:2:      serial_forest, infiniplex_forest_clump_double,
          infiniplex_forest_clump_curved, infiniplex_forest_straight_2,
          infiniplex_forest_clump_small, infiniplex_forest_lined_room_2,
          infiniplex_forest_lined_2
D:3:      grunt_ministairs_4
D:4:      kennysheep_big_flooded_room, old_standard_altar, minivault_4
D:5:      first_bread
D:6:      black_bear_nest_2, lemuel_round_altar, gammafunk_temple_overflow_wave,
          grunt_temple_overflow_cloverleaf
D:7:      uniq_menkaure, uniq_duvessa
D:8:      basic_altar, serial_shops, nicolae_shop_waterfront, uniq_pikel
D:10:     minmay_lair_entry_lava, serial_shops, kennysheep_mini, shop,
          kennysheep_mini_moat, shop
Temple:   nicolae_temple_figure_eight
Lair:2:   minmay_swamp_entry_reptiles, uniq_gastronok
Lair:3:   lab_entry_generic
Lab:      labyrinth_watery

Skill      XL: |  1  2  3  4  5  6  7  8  9 |
---------------+----------------------------+-----
Unarmed Combat | 1 2 |  2.3
Long Blades    | 2 3 4 5 7 9 10 | 10.9
Armour         | 2 4 |  4.9
Dodging        | 2 4 |  4.8
Fighting       | |  4.5
Short Blades   | |  1.0
Stealth        | |  1.2
Shields        | |  1.0

Action                   |  1- 3 |  4- 6 |  7- 9 | 10-12 || total
-------------------------+-------+-------+-------+-------++-------
Melee: Short sword       |    30 |       |       |       ||    30
       Bite              |    14 |    21 |    72 |    23 ||   130
       Spear             |     7 |       |       |       ||     7
       Great sword       |    23 |    95 |   246 |    98 ||   462
Throw: Tomahawk          |       |       |     5 |       ||     5
Invok: Curse Item        |       |       |     1 |       ||     1
Evoke: Wand              |       |       |     4 |     1 ||     5
  Use: Scroll            |       |    11 |     6 |     4 ||    21
       Potion            |       |       |       |     7 ||     7
  Eat: Chunk             |       |     2 |     5 |     1 ||     8
       Fruit             |       |       |       |     3 ||     3
Armor: Ring mail         |    27 |    30 |    86 |    24 ||   167
       Skin              |       |       |       |    18 ||    18
Dodge: Dodged            |    31 |    46 |   133 |    58 ||   268
